 Dungeon Crawl Stone Soup version 0.28.0-45-g0d030f2227 (webtiles) character file.

Game seed: 17889938555491038980

137 brightshaft the Chopper (level 5, -7/45 HPs)
             Began as a Hill Orc Fighter on Apr 16, 2022.
             Killed by divine providence
             ... invoked by an orc priest
              (8 damage)
             ... on level 3 of the Dungeon.
             The game lasted 00:03:39 (2287 turns).

brightshaft the Chopper (Hill Orc Fighter)          Turns: 2287, Time: 00:03:39

Health: -7/45      AC:  8    Str: 21    XL:     5   Next: 20%
Magic:  0/5        EV: 10    Int:  8    God:
Gold:   156        SH:  0    Dex: 10    Spells: 4/4 levels left

rFire   + . .      SeeInvis .   p - +0 battleaxe
rCold   . . .      Faith    .   (shield currently unavailable)
rNeg    . . .      Spirit   +   t - +2 ring mail {rF+}
rPois   .          Reflect  .   (no helmet)
rElec   .          Harm     .   j - +0 cloak
rCorr   .          Rampage  .   (no gloves)
Will    .....                   (no boots)
Stlth   ..........              g - amulet of guardian spirit
HPRegen 0.15/turn               (no ring)
MPRegen 0.09/turn               (no ring)

@: mighty
A: no striking features
a: Convert to Beogh


You were on level 3 of the Dungeon.
You visited 1 branch of the dungeon, and saw 3 of its levels.

You collected 156 gold pieces.

Inventory:

Hand Weapons
 a - a +0 war axe
 p - a +0 battleaxe (weapon)
Armour
 b - a +0 scale mail
 c - a +0 buckler
 j - a +0 cloak (worn)
 t - a +2 ring mail of fire resistance (worn)
Jewellery
 g - an amulet of guardian spirit (around neck)
Scrolls
 e - a scroll of noise {unknown}
 f - 2 scrolls of teleportation {unknown}
 i - a scroll of identify {unknown}
 k - a scroll of vulnerability {unknown}
 o - a scroll of amnesia {unknown}
Potions
 h - a potion of resistance {unknown}
 l - a potion of mutation {unknown}
 m - a potion of attraction {unknown}
 n - a potion of ambrosia {unknown}
 q - a potion of magic {unknown}
 r - a potion of curing {unknown}
 s - 2 potions of heal wounds {unknown}


   Skills:
 - Level 3.6 Fighting
 * Level 6.4 Axes
 - Level 3.2 Armour
 - Level 4.0 Shields


You had 4 spell levels left.
You didn't know any spells.
Your spell library contained the following spells:

 Spells                   Type           Power      Damage    Failure   Level
 Slow                     Hex            0%         N/A       56%         1
 Call Canine Familiar     Summ           0%         N/A       91%         3
 Confusing Touch          Hex            0%         N/A       91%         3
 Portal Projectile        Hex/Tloc       0%         N/A       91%         3
 Vampiric Draining        Necr           0%         2d6       91%         3
 Leda's Liquefaction      Hex/Erth       0%         N/A       100%        4
 Summon Ice Beast         Ice/Summ       0%         N/A       100%        4
 Summon Mana Viper        Hex/Summ       0%         N/A       100%        5
 Monstrous Menagerie      Summ           0%         N/A       100%        7


Dungeon Overview and Level Annotations

Branches:
Dungeon (3/15)

Altars:
Uskayaw


Message History

You closely miss the orc priest.
The orc priest is severely wounded.
The orc priest miscasts a cantrip.
You barely miss the orc priest.
The orc priest is severely wounded.
The orc priest calls down the wrath of Beogh upon you.
Beogh smites you!
The orc priest hits you but does no damage.
You closely miss the orc priest.
The orc priest is severely wounded.
The orc priest shouts, "Surrender to Beogh and we'll let you live!"
The orc priest barely misses you.
You barely miss the orc priest.
The orc priest shouts, "Surrender to Beogh and we'll let you live!"
The orc priest is severely wounded.
The orc priest casts a cantrip, but nothing happens.
You closely miss the orc priest.
The orc priest shouts, "Join the one true god or die!"
The orc priest is severely wounded.
The orc priest hits you with a +0 hand axe.
The orc priest barely misses you.
You closely miss the orc priest.
The orc priest is severely wounded.
The orc priest calls down the wrath of Beogh upon you.
Beogh smites you!
* * * LOW HITPOINT WARNING * * *
You hit the orc priest.
The orc priest is severely wounded.
The orc priest barely misses you.
The orc priest hits you with a +0 hand axe.
* * * LOW HITPOINT WARNING * * *
You barely miss the orc priest.
The orc priest is severely wounded.
The orc priest shouts, "Join the one true god or die!"
The orc priest hits you with a +0 hand axe.
* * * LOW HITPOINT WARNING * * *
You feel very mighty all of a sudden.
The orc priest calls down the wrath of Beogh upon you.
Beogh smites you!
You die...

###.###.##.#.##
.####.###†##.#.#
.
..............#
.##.###.##.#.#.#
..........†.#..
#.#.##.#.#.#
#........#...
...#.#.[....#.#
#.#o@..!.#.#...
#..)#........##.
#.#.#.#.##.#.#
.. #............
#.#
#.#.##.###.## #
..... .. ..
#.##. ##. #. .


You could see an orc priest.

Vanquished Creatures
  An orc wizard (D:2)
  3 adders
  2 worms (D:2)
  A dart slug (D:1)
  4 orcs
  7 endoplasms
  4 giant cockroaches
  9 goblins
  3 hobgoblins
  6 jackals (D:2)
  7 kobolds
  2 quokkas
  5 ball pythons
  4 bats
  4 frilled lizards
  7 rats
69 creatures vanquished.

Notes
Turn   | Place    | Note
-------+----------+-------------------------------------------
     0 | D:1      | brightshaft the Hill Orc Fighter began the quest for the
                  | Orb.
     0 | D:1      | Reached XP level 1. HP: 19/19 MP: 1/1
   106 | D:1      | Reached skill level 3 in Axes
   169 | D:1      | Found a faded altar of an unknown god.
   179 | D:1      | Reached XP level 2. HP: 24/26 MP: 2/2
   565 | D:1      | Reached skill level 4 in Axes
   565 | D:1      | Reached XP level 3. HP: 31/31 MP: 3/3
  1132 | D:2      | Reached skill level 5 in Axes
  1132 | D:2      | Reached XP level 4. HP: 14/39 MP: 1/4
  1748 | D:2      | Reached skill level 6 in Axes
  1865 | D:2      | Reached XP level 5. HP: 45/45 MP: 5/5
  2066 | D:3      | Noticed a +0 hand axe
  2067 | D:3      | Noticed a +0 hand axe
  2071 | D:3      | Found a hide-covered altar of Uskayaw.
  2286 | D:3      | HP: 1/45 [orc priest/+0 hand axe (2)]
  2287 | D:3      | Killed from afar by an orc priest

Illustrated notes

Levels and vault maps discovered:
D:1:      co_arrival_random_square_maze, layout_basic,
          chequers_ecumenical_altar_simple
D:2:      layout_loops_ring, minmay_divided_ellipse
D:3:      layout_basic, dancing_weapons_uskayaw, grunt_ministairs_13,
          minmay_diced_spiral

Skill      XL: |  1  2  3  4 |
---------------+-------------+-----
Axes           | 3 4 5 6 |  6.4
Shields        | 4 |  4.0
Fighting       | |  3.6
Armour         | |  3.2

Action                   |  1- 3 |  4- 6 || total
-------------------------+-------+-------++-------
Melee: War axe           |    96 |    50 ||   146
       Battleaxe         |       |    72 ||    72
  Use: Potion            |       |     1 ||     1
Armor: Scale mail        |    67 |    78 ||   145
       Ring mail         |       |     7 ||     7
       Skin              |       |     1 ||     1
Dodge: Dodged            |    59 |    70 ||   129
Block: Buckler           |    24 |    17 ||    41
